AoeStats
← MORK

Nomad

508324986Analyzed
2v2 RM · 12d ago on Sep 21, 2026· 26m 22s· 4 players
Game mode
Random Map
Map size
176×176
Population
200
Speed
Normal
Resources
Standard
Victory
Conquest
Starting age
Dark Age
Ending age
Imperial Age
RankedLock teamsTeams togetherTeam positionsShared explorationLock speedFull tech treeHidden civsTurbo modeCheats
Victory
Defeat
1116
+13
🇨🇱 Vietnamese · Chile
1020
+17
🇦🇷 Ethiopians · Argentina
1139
-19
🇦🇷 Bohemians · Argentina
949
-25
MORK
8:36 Loom
11:22 Feudal Age
11:51 Double-Bit Axe
12:35 Horse Collar
17:48 Fletching
20:29 Wheelbarrow
24:10 Castle Age
22:34 Stone Mining
25:48 Bodkin Arrow
kanodavich
13:21 Feudal Age
14:35 Loom
14:36 Horse Collar
16:07 Man-at-Arms
20:10 Double-Bit Axe
[PVS] Manu_X
3:23 Loom
13:35 Feudal Age
15:25 Fletching
26:00 Castle Age
25:03 Gold Mining
25:12 Town Watch
猪队友怕不怕
5:32 Loom
14:01 Feudal Age
19:24 Castle Age
18:36 Fletching
20:06 Double-Bit Axe
23:36 Scale Mail Armor
25:35 Chain Mail Armor
Connection lost

Rejoining the realm…

Still unreachable

The connection could not be restored.

Session expired

The server has moved on; the page needs a fresh start.